 Dungeon Crawl Stone Soup version 0.31-a0-1027-gfb7600b534 (webtiles) character file.

Game seed: 12159324226386200113

13742 Impy the Thaumaturge (level 11, -5/70 HPs)
             Began as a Demonspawn Conjurer on Nov 18, 2023.
             Was an Initiate of Gozag.
             Killed from afar by a swamp dragon (9 damage)
             ... with a blast of poison
             ... on level 2 of the Lair of Beasts.
             The game lasted 00:38:17 (12053 turns).

Impy the Thaumaturge (Demonspawn Conjurer)         Turns: 12053, Time: 00:38:19

Health: -5/70      AC: 10    Str:  7    XL:     11   Next: 79%
Magic:  8/27       EV: 12    Int: 27    God:    Gozag
Gold:   633        SH:  4    Dex: 11    Spells: 17/34 levels left

rFire   + . .        p - +0 whip (elec)
rCold   . . .        (no shield)
rNeg    . . .        j - +1 robe of Too Many Cooks {Regen+ Int+2}
rPois   .            (helmet unavailable)
rElec   .            a - +0 cloak
rCorr   .            (no gloves)
SInv    .            y - +0 pair of boots
Will    .....        (no amulet)
Stlth   ++           n - ring of protection from fire
HPRegen 1.11/turn    u - ring of flight
MPRegen 0.20/turn

%: no passive effects
@: lethally poisoned (-5 -> -17), flying
A: horns 3, rugged brown scales 1, icemail 1, powered by death 2, condensation
shield
a: Renounce Religion, Potion Petition, Call Merchant, Bribe Branch


You were on level 2 of the Lair of Beasts.
You worshipped Gozag.
Gozag was pleased with you.
You visited 3 branches of the dungeon, and saw 11 of its levels.
You also visited: Gauntlet.

You collected 2256 gold pieces.
You spent 883 gold pieces at shops.
You paid 740 gold pieces to Gozag.

Inventory:

Hand Weapons
 p - a +0 whip of electrocution (weapon)
Armour
 a - a +0 cloak (worn)
 j - the +1 robe of Too Many Cooks (worn) {Regen+ Int+2}
   (You found it on level 5 of the Dungeon)

   Int+2:     It affects your intelligence (+2).
   Regen+:    It increases your rate of health regeneration.
 y - a +0 pair of boots (worn)
Jewellery
 f - an amulet of guardian spirit
 n - a ring of protection from fire (left hand)
 u - a ring of flight (right hand)
Wands
 m - a wand of paralysis (16)
 q - a wand of polymorph (5)
 r - a wand of flame (11)
 v - a wand of digging (5)
Scrolls
 c - 6 scrolls of teleportation
 d - 3 scrolls of enchant weapon
 t - a scroll of noise
 w - a scroll of amnesia
 x - a scroll of immolation
Potions
 b - 2 potions of magic
 e - 2 potions of curing
 g - 3 potions of mutation
 h - 2 potions of heal wounds {unknown}
 i - a potion of attraction {unknown}
 k - a potion of berserk rage {unknown}
 l - a potion of invisibility {unknown}
 o - a potion of enlightenment {unknown}
 s - 3 potions of haste {unknown}


   Skills:
 - Level 1.7 Dodging
 - Level 1.7 Stealth
 + Level 12.1 Spellcasting
 + Level 9.0 Conjurations
 + Level 10.7 Earth Magic


You had 17 spell levels left.
You knew the following spells:

 Your Spells              Type           Power      Damage    Failure   Level
a - Magic Dart            Conj           100%       1d8       1%          1
b - Searing Ray           Conj           100%       2d8       1%          2
c - Mephitic Cloud        Conj/Pois/Air  32%        N/A       3%          3
d - Stone Arrow           Conj/Erth      100%       3d13      1%          3
e - Brom's Barrelling Bo  Conj/Erth      63%        2d8       1%          4
f - Iskenderun's Mystic   Conj/Tloc      40%        2d9       5%          4

Your spell library contained the following spells:

 Spells                   Type           Power      Damage    Failure   Level
 Foxfire                  Conj/Fire      100%       2x1d9     1%          1
 Sandblast                Erth           100%       2d20      1%          1
 Passwall                 Tmut/Erth      37%        N/A       1%          2
 Dazzling Flash           Conj/Hex       80%        N/A       1%          3
 Blink                    Tloc           32%        N/A       5%          2
 Call Imp                 Summ           32%        N/A       5%          2
 Fulminant Prism          Conj/Hex       20%        3d12      5%          4
 Tukima's Dance           Hex            16%        N/A       11%         3
 Arcjolt                  Conj/Air       20%        1d30      16%         5
 Dimensional Bullseye     Hex/Tloc       8%         N/A       34%         4
 Manifold Assault         Tloc           16%        N/A       34%         4
 Vhi's Electric Charge    Tloc/Air       32%        N/A       34%         4
 Starburst                Conj/Fire      20%        6d7       63%         6
 Plasma Beam              Fire/Air       8%         2x1d18    99%         6
 Maxwell's Capacitive Co  Air            8%         ∞         100%        8


Dungeon Overview and Level Annotations

Branches:
Dungeon (8/15)             Temple (1/1) D:4            Lair (2/5) D:8
  Swamp (0/4) Lair:2      Gauntlet (visited)
  Snake: Lair:2-3    Spider: Lair:2-3

Altars:
Ashenzari
Cheibriados
Dithmenos
Fedhas
Gozag
Hepliaklqana
Kikubaaqudgha
Makhleb
Nemelex Xobeh
Okawaru
Qazlal
Ru
Sif Muna
Trog
Uskayaw
Vehumet
Wu Jian
Xom
Yredelemnul

Shops:
D:8 [[

Annotations:
D:8 6 runed translucent doors, Tinttamiau's ghost, novice GnHu


Innate Abilities, Weirdness & Mutations

You have a pair of large horns on your head.
You are partially covered in rugged brown scales. (AC +1, +3% HP)
A meltable icy envelope protects you from harm. (AC +4)
You regenerate health from kills.
A meltable shield of frost defends you. (SH +4)


Message History

* * * LOW HITPOINT WARNING * * *
You feel extremely sick.
The swamp dragon breathes poison at you.
The blast of poison engulfs you.
You are more poisoned.
* * * LOW HITPOINT WARNING * * *
You feel better.
You are engulfed in poison gas.
You are poisoned.
* * * LOW HITPOINT WARNING * * *
You feel very sick. The swamp dragon barely misses you.
You block the swamp dragon's attack. The swamp dragon barely misses you.
Unknown command.
Okay, then.
Okay, then.
Okay, then.
Casting: Iskenderun's Mystic Blast (dangerous; 5% risk of failure)
Confirm with . or Enter, or press ? or * to list all spells.
You erupt in a blast of force!
The mystic blast hits the swamp dragon.
The swamp dragon is severely wounded.
The mystic blast hits the water moccasin.
The water moccasin is heavily wounded.
The water moccasin is knocked back by the mystic blast.
You are engulfed in poison gas.
You are lethally poisoned!
* * * LOW HITPOINT WARNING * * *
x2 You feel extremely sick.
The swamp dragon misses you. The swamp dragon barely misses you.
The swamp dragon tramples you!
* * * LOW HITPOINT WARNING * * *
You are shoved backwards!
You feel better.
You are engulfed in poison gas.
You are lethally poisoned!
* * * LOW HITPOINT WARNING * * *
x2 You feel very sick.
The swamp dragon breathes poison at you.
The blast of poison engulfs you!
You are more poisoned.
You die...
Your body crumbles into a pile of gold.

.....###.##......#○P..####.##
....##...###............##..#
.........P#.....P#......##.##
....##....##....###P..####.#
....#*#..#.#....###P..#.##.##
....##**##*#.S...○○.........#
....P#### ##...°..°.........#
.....#..###..%..°D○....^...##
...............○@○°........#
...........................##
.....♣♣♣♣♣♣....##..#.##.....#
.....♣♣♣♣*♣♣......#..#.#.#..#
....#♣♣§§♣♣♣♣...........##.##
....#♣♣~§~~♣♣♣..........##..#
.....♣*♣§§~~♣♣..........##.###
.....♣♣♣~~§~~♣..#.......#....#
.....>♣♣♣~~~~♣..#..........P##


You could see a swamp dragon (catching breath) and a water moccasin.

Vanquished Creatures
  2 two-headed ogres (D:7)
  Urug (Lair:1)
  Sonja (Lair:1)
  Pikel (D:6)
  A black mamba (Lair:2)
  A torpor snail (Lair:2)
  5 cane toads
  Psyche (D:8)
  Jeremiah (D:6)
  A rime drake (Lair:2)
  A komodo dragon (Lair:1)
  2 polar bears
  2 dream sheep (Lair:2)
  2 wyverns (D:8)
  14 yaks
  2 basilisks (D:8)
  Edmund (D:6)
  6 water moccasins
  A swamp drake (Lair:2)
  An ice beast (D:4)
  2 ogres
  3 black bears
  3 centaurs
  8 wolves (Lair:1)
  A lemure (D:6)
  2 gnoll sergeants
  Blork the orc (D:6)
  8 bullfrogs
  12 wights
  3 killer bees (D:7)
  3 howler monkeys
  An orc priest (D:6)
  2 hounds (D:5)
  3 sleepcaps
  4 iguanas
  Natasha (thrice) (D:3)
  4 hell rats (Lair:1)
  An orc wizard (D:6)
  9 adders
  10 gnolls
  2 shadow imps (D:6)
  3 white imps (D:6)
  3 worms
  4 dart slugs
  14 orcs
  4 bats
  5 endoplasms
  2 giant cockroaches
  7 goblins
  5 hobgoblins
  6 jackals
  4 kobolds
  6 quokkas
  7 ball pythons
  4 frilled lizards
  3 rats
209 creatures vanquished.

Vanquished Creatures (others)
  3 boulders
3 creatures vanquished.

Grand Total: 212 creatures vanquished

Notes
Turn   | Place    | Note
-------+----------+-------------------------------------------
     0 | D:1      | Impy the Demonspawn Conjurer began the quest for the Orb.
     0 | D:1      | Reached XP level 1. HP: 13/13 MP: 3/3
   205 | D:1      | Gained mutation: You regenerate a little health from kills.
                  | [demonic ancestry]
   205 | D:1      | Reached XP level 2. HP: 19/19 MP: 0/5
   531 | D:1      | Learned a level 2 spell: Searing Ray
   871 | D:1      | Found a faded altar of an unknown god.
  1037 | D:2      | Gained mutation: You are partially covered in rugged brown
                  | scales. (AC +1, +3% HP) [demonic ancestry]
  1037 | D:2      | Reached XP level 3. HP: 19/24 MP: 5/7
  1721 | D:2      | Reached skill level 3 in Spellcasting
  1917 | D:3      | Gained mutation: You have a pair of small horns on your
                  | head. [demonic ancestry]
  1917 | D:3      | Reached XP level 4. HP: 30/30 MP: 4/8
  1920 | D:3      | Identified a scroll of acquirement
  1920 | D:3      | Acquired 773 gold pieces
  2110 | D:3      | Noticed Natasha
  2119 | D:3      | Killed Natasha
  2120 | D:3      | Reached skill level 5 in Conjurations
  2206 | D:3      | Noticed Natasha
  2209 | D:3      | Killed Natasha
  2263 | D:3      | Gained mutation: A meltable shield of frost defends you.
                  | (SH +4) [demonic ancestry]
  2263 | D:3      | Reached XP level 5. HP: 32/36 MP: 5/10
  2429 | D:3      | Noticed Natasha
  2434 | D:3      | Killed Natasha
  2882 | D:4      | Reached skill level 4 in Spellcasting
  3046 | D:4      | Gained mutation: You have a pair of horns on your head.
                  | [demonic ancestry]
  3046 | D:4      | Reached XP level 6. HP: 42/42 MP: 6/12
  3581 | D:4      | Noticed an ice beast
  3598 | D:4      | Killed an ice beast
  3917 | D:4      | Found a staircase to the Ecumenical Temple.
  3925 | Temple   | Entered the Ecumenical Temple
  3940 | Temple   | Became a worshipper of Gozag Ym Sagoz the Greedy
  4121 | D:5      | Entered Level 5 of the Dungeon
  4243 | D:5      | Reached skill level 5 in Spellcasting
  4243 | D:5      | Gained mutation: You regenerate health from kills. [demonic
                  | ancestry]
  4243 | D:5      | Reached XP level 7. HP: 30/47 MP: 6/14
  4328 | D:5      | Learned a level 3 spell: Mephitic Cloud
  4332 | D:5      | Learned a level 3 spell: Stone Arrow
  4354 | D:5      | Identified the +1 robe of Too Many Cooks {Regen+ Int+2}
  4842 | D:5      | Reached skill level 1 in Earth Magic
  5341 | D:6      | Reached skill level 6 in Spellcasting
  5585 | D:6      | Noticed Pikel
  5591 | D:6      | Killed Pikel
  5592 | D:6      | Reached XP level 8. HP: 53/53 MP: 1/18
  5601 | D:6      | Reached skill level 7 in Spellcasting
  5876 | D:6      | Noticed Jeremiah
  6054 | D:6      | Killed Jeremiah
  6084 | D:6      | Reached skill level 5 in Earth Magic
  6469 | D:6      | Noticed Blork the orc
  6473 | D:6      | Killed Blork the orc
  6680 | D:6      | Gained mutation: A meltable icy envelope protects you from
                  | harm. (AC +4) [demonic ancestry]
  6680 | D:6      | Reached XP level 9. HP: 58/58 MP: 16/20
  6689 | D:6      | Reached skill level 8 in Spellcasting
  6976 | D:6      | Noticed Edmund
  6979 | D:6      | Killed Edmund
  7171 | D:7      | Learned a level 4 spell: Brom's Barrelling Boulder
  7334 | D:7      | Found the +6 shillelagh "Devastator" {shatter}
  7338 | D:7      | Noticed a two-headed ogre
  7338 | D:7      | Noticed a gargoyle
  7339 | D:7      | Noticed a two-headed ogre
  7348 | D:7      | Killed a two-headed ogre
  7375 | D:7      | Killed a two-headed ogre
  7376 | D:7      | Reached skill level 9 in Spellcasting
  7536 | D:7      | Found a bloodstained altar of Trog.
  7536 | D:7      | Found a basalt altar of Yredelemnul.
  7544 | D:7      | Found a sacrificial altar of Ru.
  7546 | D:7      | Found a stormy altar of Qazlal.
  7815 | D:7      | Reached XP level 10. HP: 53/64 MP: 2/23
  8467 | D:8      | Reached skill level 10 in Spellcasting
  8962 | D:8      | Noticed Psyche
  9071 | D:8      | Found a staircase to the Lair.
  9083 | D:8      | Found a runed translucent gate.
  9083 | D:8      | Found a runed translucent gate.
  9264 | D:8      | Found a runed translucent gate.
  9264 | D:8      | Found a runed translucent gate.
  9265 | D:8      | Found a runed translucent gate.
  9266 | D:8      | Noticed Tinttamiau's ghost (novice GnHu)
  9397 | D:8      | Found a runed translucent gate.
  9417 | D:8      | Found a blossoming altar of Fedhas.
  9420 | D:8      | Found an ancient bone altar of Kikubaaqudgha.
  9456 | D:8      | Noticed a death yak
  9473 | D:8      | Killed Psyche
  9522 | D:8      | Found Estreischo's Antique Armour Boutique.
  9534 | D:8      | Bought the +4 Cigotuvi's embrace {Corpsefed rMiasma Drain
                  | rN+} for 883 gold pieces
  9534 | D:8      | Found the +4 Cigotuvi's embrace {Corpsefed rMiasma Drain
                  | rN+}
  9567 | D:8      | Noticed a manticore
  9568 | D:8      | Noticed a manticore
  9569 | D:8      | Noticed a death yak
  9588 | Lair:1   | Entered Level 1 of the Lair of Beasts
  9606 | Lair:1   | Reached skill level 11 in Spellcasting
  9814 | D:8      | Learned a level 4 spell: Iskenderun's Mystic Blast
 10068 | Lair:1   | Gained mutation: You have a pair of large horns on your
                  | head. [demonic ancestry]
 10068 | Lair:1   | Reached XP level 11. HP: 55/65 MP: 19/26
 10560 | Lair:1   | Reached skill level 10 in Earth Magic
 10946 | Lair:1   | Noticed Sonja
 10958 | Lair:1   | Killed Sonja
 11176 | Lair:1   | Noticed Urug
 11252 | Gauntlet | Identified the "Foakk"
 11312 | Lair:1   | Killed Urug
 11418 | Lair:2   | Reached skill level 12 in Spellcasting
 11483 | Lair:2   | Found a gate leading to a gauntlet.
 11496 | Gauntlet | Entered a Gauntlet
 11496 | Gauntlet | Found a transporter.
 11596 | Gauntlet | Found a transporter.
 11601 | Gauntlet | Found a transporter.
 11601 | Gauntlet | Found a transporter.
 11604 | Gauntlet | Found a transporter.
 11607 | Gauntlet | Found a transporter.
 11609 | Gauntlet | Noticed an occultist
 11611 | Gauntlet | Noticed an occultist
 11614 | Gauntlet | Found a transporter.
 11634 | Gauntlet | Found a transporter.
 11634 | Gauntlet | Noticed an occultist
 11637 | Gauntlet | Noticed an arcanist
 11654 | Gauntlet | Found a transporter.
 11658 | Gauntlet | Found a transporter.
 11667 | Gauntlet | Found a transporter.
 11709 | Gauntlet | Found a transporter.
 12026 | Lair:2   | Found a staircase to the Swamp.
 12038 | Lair:2   | Noticed a swamp dragon
 12052 | Lair:2   | HP: 1/70 [swamp dragon (7)]
 12053 | Lair:2   | Killed from afar by a swamp dragon

Illustrated notes

Levels and vault maps discovered:
D:1:      saegor_arrival_simple_c, layout_loops_ring,
          chequers_ecumenical_altar_simple
D:2:      layout_rooms
D:3:      layout_loops_ring, serial_glass, glass_columns_b, glass_columns_b,
          uniq_natasha
D:4:      layout_gridville, minmay_temple_entry_nine_rooms, minmay_starry_boxes
D:5:      layout_basic, roderic_serpentine_path, chequers_serial_rivers_room_a
D:6:      layout_loops_corners, uniq_edmund, uniq_jeremiah, uniq_blork_the_orc,
          uniq_pikel
D:7:      layout_loops_ring, nicolae_overflow_hallway_of_the_gods,
          minmay_misc_feat_roman, dilly_guarded_unrand_devastator
D:8:      lemuel_bear_cage, layout_rooms,
          grunt_temple_overflow_growth_and_decay, minmay_lair_entry_grove,
          serial_shops, shop, gammafunk_ghost_necromancy,
          chequers_serial_rivers_small_a, uniq_psyche
Temple:   jpeg_temple_clearing
Lair:1:   layout_long_grid, grunt_megastairs_2, uniq_urug, uniq_sonja
Lair:2:   layout_regular_city, mainiacjoe_swamp_entry_lozenge_pond,
          gammafunk_ghost_berserking_beasts, gauntlet_entry_generic,
          hangedman_tree_tricks, lemuel_oklob_altar

Skill      XL: |  1  2  3  4  5  6  7  8  9 10 11 |
---------------+----------------------------------+-----
Spellcasting   | 3 4 5 6 7 9 11 12 | 12.1
Conjurations   | 5 6 7 9 |  9.0
Earth Magic    | 3 5 7 9 10 | 10.7
Dodging        | |  1.7
Stealth        | |  1.7

Action                     |  1- 3 |  4- 6 |  7- 9 | 10-12 || total
---------------------------+-------+-------+-------+-------++-------
  Melee: Whip              |       |       |    19 |    28 ||    47
         Headbutt          |       |       |     4 |    11 ||    15
         Punch             |       |       |       |     1 ||     1
   Cast: Magic Dart        |    70 |    82 |    29 |     1 ||   182
         Searing Ray       |     4 |    10 |     1 |     6 ||    21
         Stone Arrow       |       |       |    67 |   136 ||   203
         Mephitic Cloud    |       |       |     5 |     8 ||    13
         Brom's Barrelling |       |       |     2 |     1 ||     3
         Iskenderun's Myst |       |       |       |     9 ||     9
 Invoke: Call Merchant     |       |       |       |     1 ||     1
    Use: Scroll            |     3 |     5 |     7 |     4 ||    19
         Potion            |       |       |       |     2 ||     2
   Stab: Distracted        |       |       |     1 |       ||     1
 Armour: Robe              |     3 |    16 |    18 |    85 ||   122
         Leather armour    |       |       |       |     5 ||     5
  Dodge: Dodged            |     4 |    20 |    19 |    44 ||    87
  Block: Other             |       |     2 |     4 |    26 ||    32

Table legend: (Time is in decaauts)
 A = Elapsed time spent in this place.
 B = Non-inter-level travel time spent in this place.
 C = Inter-level travel time spent in this place.
 D = Time resting spent in this place.
 E = Time spent auto-exploring this place.
 F = Levels seen in this place.
 G = Mean time per level.
                   A        B        C        D        E       F      G
               +--------+--------+--------+--------+--------+-----+--------+
         Total |  12074 |  11797 |    277 |    139 |   9821 |  12 | 1006.2 |
       Dungeon |   9817 |   9574 |    243 |     42 |   8321 |   8 | 1227.1 |
        Temple |     30 |      2 |     28 |      0 |      0 |   1 |   30.0 |
          Lair |   1986 |   1980 |      6 |     97 |   1401 |   2 |  993.0 |
      Gauntlet |    238 |    238 |      0 |      0 |     99 |   1 |  238.0 |
               +--------+--------+--------+--------+--------+-----+--------+

Top non-repeatable levels by time:
     D:6: 1733 daAuts
     D:8: 1543 daAuts
  Lair:1: 1436 daAuts
     D:7: 1225 daAuts
     D:4: 1217 daAuts
     D:5: 1216 daAuts
     D:3: 1042 daAuts
     D:1: 1030 daAuts
     D:2: 809 daAuts
  Lair:2: 550 daAuts
Gauntlet: 238 daAuts
  Temple: 30 daAuts
